 Dungeon Crawl Stone Soup version 0.31.0-12-g77e489cdc1 (webtiles) character file.

Game seed: 6131022906374807832

206 Silvore the Covered (level 5, 0/42 HPs)
             Began as a Demonspawn Fighter on Feb 12, 2024.
             Killed by psychic fangs
             ... invoked by a neqoxec
              (4 damage)
             ... on level 3 of the Abyss.
             The game lasted 00:02:28 (1729 turns).

Silvore the Covered (Demonspawn Fighter)            Turns: 1729, Time: 00:02:28

Health: 0/42       AC:  8    Str: 18    XL:     5   Next: 53%
Magic:  5/5        EV:  9    Int:  8    God:
Gold:   210        SH:  5    Dex: 13    Spells: 4/4 levels left

rFire   . . .        a - +0 long sword
rCold   . . .        c - +0 buckler
rNeg    . . .        b - +0 scale mail
rPois   .            (helmet restricted)
rElec   .            (no cloak)
rCorr   .            h - +0 pair of gloves
SInv    .            (no boots)
Will    .....        (no amulet) Stlth
                     (no ring)
HPRegen 0.27/turn    (no ring)
MPRegen 0.09/turn

%: no passive effects
@: no status effects
A: horns 1, spiny 1
a: no special abilities


You were on level 3 of the Abyss.
You visited 1 branch of the dungeon, and saw 3 of its levels.
You visited the Abyss 1 time.

You collected 210 gold pieces.

Inventory:

Hand Weapons
 a - a +0 long sword (weapon)
Armour
 b - a +0 scale mail (worn)
 c - a +0 buckler (worn)
 h - a +0 pair of gloves (worn)
Jewellery
 i - a ring of protection from fire
Wands
 j - a wand of polymorph (11)
Potions
 d - a potion of heal wounds {unknown}
 e - a potion of haste
 f - 2 potions of curing {unknown}


   Skills:
 + Level 3.6 Fighting
 + Level 3.5 Long Blades
 + Level 3.7 Armour
 + Level 0.3 Dodging
 + Level 0.2 Stealth
 + Level 3.3 Shields


You had 4 spell levels left.
You didn't know any spells.
Your spell library was empty.

Dungeon Overview and Level Annotations

Branches:
Dungeon (3/15)

Altars:
Lugonu

Portals:
Abyss: D:3

Annotations:
D:3 Grinder


Innate Abilities, Weirdness & Mutations

You have a pair of small horns on your head.
You are partially covered in sharp spines.


Message History

Found a corrupted altar of Lugonu.
Found a one-way gate to the infinite horrors of the Abyss.
Grinder comes into view.
Grinder shouts!
Grinder is struck by your spines. Grinder barely misses you.
There is a corrupted altar of Lugonu here.
There is a one-way gate to the infinite horrors of the Abyss here.
Grinder closely misses you.
This branch contains the abyssal rune of Zot.
Found a gateway leading deeper into the Abyss.
Found a corrupted altar of Lugonu.
You start resting.
You start resting.
A smoke demon bursts from nowhere.
The smoke demon roars!
There is a gateway leading deeper into the Abyss here.
You plunge deeper into the Abyss.
You start resting.
A large abomination comes into view.
Found a gateway leading deeper into the Abyss.
There is a gateway leading deeper into the Abyss here.
You plunge deeper into the Abyss.
The abyssal rune of Zot can be found at this depth.
You enter the shallow water.
Moving in this stuff is going to be slow.
Found a corrupted altar of Lugonu.
A hell hog comes into view.
The hell hog squeals angrily.
A green very ugly thing comes into view.
Found a gateway leading deeper into the Abyss.
The green very ugly thing gurgles horribly!
The hell hog breathes fire at you.
The fireball explodes!
The fireball engulfs you!!!
Ouch! That really hurt!
* * * LOW HITPOINT WARNING * * *
You hear a shout! x2
A neqoxec comes into view.
The neqoxec gestures at you. Something gnaws on your mind!
You die...

... ... ## ..
#...##.# #..
#......#.###.
#.....##..u.. ##
.###..##.#.#..
... ......#..#..#
.. .#.
#.3#..#####.# #.
..#...u#...#
~......##..h.@..#
~~###.#
#..#.#....... ~ .
#...##...#.... ~~
#..... ###.#...
~~≈~~.#.### ## .
...~~~~...
..#≈~~≈# #####~~~
.##


You could see a green very ugly thing, a hell hog (catching breath) and a
neqoxec.

Vanquished Creatures
  Sigmund (D:2)
  A gnoll (D:1)
  An adder (D:2)
  A bat (D:3)
  2 endoplasms
  2 giant cockroaches
  A goblin (D:2)
  4 hobgoblins (D:1)
  4 kobolds
  2 quokkas (D:1)
  A ball python (D:2)
  3 frilled lizards
  2 rats (D:1)
  A lurking horror (D:3)
26 creatures vanquished.

Notes
Turn   | Place    | Note
-------+----------+-------------------------------------------
     0 | D:1      | Silvore the Demonspawn Fighter began the quest for the Orb.
     0 | D:1      | Reached XP level 1. HP: 18/18 MP: 1/1
   344 | D:1      | Gained mutation: You have a pair of small horns on your
                  | head. [demonic ancestry]
   344 | D:1      | Reached XP level 2. HP: 19/24 MP: 2/2
   950 | D:2      | Reached XP level 3. HP: 24/29 MP: 3/3
  1060 | D:2      | Noticed Sigmund
  1067 | D:2      | Killed Sigmund
  1068 | D:2      | Reached XP level 4. HP: 20/36 MP: 4/4
  1068 | D:2      | Gained mutation: You are partially covered in sharp spines.
                  | [demonic ancestry]
  1068 | D:2      | Reached XP level 5. HP: 23/41 MP: 5/5
  1608 | D:3      | Found a corrupted altar of Lugonu.
  1608 | D:3      | Found a one-way gate to the infinite horrors of the Abyss.
  1610 | D:3      | Noticed Grinder
  1613 | D:3      | Voluntarily entered the Abyss.
  1616 | Abyss:1  | Found a corrupted altar of Lugonu.
  1645 | Abyss:1  | Noticed a smoke demon
  1664 | Abyss:2  | Noticed a large abomination
  1718 | Abyss:3  | Found a corrupted altar of Lugonu.
  1720 | Abyss:3  | Noticed a hell hog
  1724 | Abyss:3  | Noticed a green very ugly thing
  1728 | Abyss:3  | Noticed a neqoxec
  1729 | Abyss:3  | Killed from afar by a neqoxec

Illustrated notes

Levels and vault maps discovered:
D:1:      minmay_arrival_arboretum_small, layout_loops_cross, minmay_hedge_maze
D:2:      layout_loops_ring, uniq_sigmund
D:3:      layout_basic, mainiacjoe_overflow_paths, minivault_23,
          amcnicky_altar_lugonu_corruption, uniq_grinder
Abyss:3:  base: D:1, evilmike_abyss_exit_chaos, abyss_furniture_001

Skill      XL: |  1  2  3 |
---------------+----------+-----
Long Blades    | 2 3 |  3.5
Armour         | 3 |  3.7
Shields        | 3 |  3.3
Fighting       | |  3.6
Dodging        | |  0.3
Stealth        | |  0.2

Action                     |  1- 3 |  4- 6 || total
---------------------------+-------+-------++-------
  Melee: Long sword        |    56 |     9 ||    65
         Headbutt          |     2 |     1 ||     3
    Use: Scroll            |     2 |     2 ||     4
         Potion            |     1 |       ||     1
 Armour: Scale mail        |    37 |     9 ||    46
  Dodge: Dodged            |    24 |     4 ||    28
  Block: Buckler           |    10 |       ||    10
